 Dungeon Crawl Stone Soup version 0.26.1-11-gd32895ea62 (webtiles) character file.

Game seed: 7618201940575966800

820 mancramps the Slasher (level 7, -5/61 HPs)
             Began as a Minotaur Fighter on July 2, 2021.
             Was a Believer of Makhleb.
             Killed by divine providence
             ... invoked by an orc priest
              (12 damage)
             ... on level 5 of the Dungeon.
             The game lasted 00:27:41 (3796 turns).

mancramps the Slasher (Minotaur Fighter)            Turns: 3796, Time: 00:27:43

Health: -5/61      AC:  7    Str: 22    XL:     7   Next: 63%
Magic:  6/6        EV:  9    Int:  7    God:    Makhleb [**....]
Gold:   247        SH:  0    Dex: 10    Spells: 6/6 levels left

rFire    . . .     SeeInvis .   a - +1 long sword
rCold    . . .     Faith    .   c - +1 kite shield
rNeg     . . .     Spirit   .   b - +0 scale mail
rPois    .         Reflect  .   (helmet restricted)
rElec    .         Harm     .   (no cloak)
rCorr    .         Rampage  .   (no gloves)
Will     +....                  (no boots)
Stlth    +.........             x - amulet of regeneration
HPRegen  0.60/turn              s - ring of stealth
MPRegen  0.10/turn              h - ring of flight

@: confused, lethally poisoned (-5 -> -5)
A: retaliatory headbutt, horns 2, clever 1, strong-willed 1, sturdy frame 1
a: Renounce Religion, Evoke Flight, Minor Destruction


You were on level 5 of the Dungeon.
You worshipped Makhleb.
Makhleb was pleased with you.
You visited 1 branch of the dungeon, and saw 5 of its levels.

You collected 247 gold pieces.

Inventory:

Hand Weapons
 a - a +1 long sword (weapon)
 e - a +0 hunting sling
 n - a +0 dagger of speed
Missiles
 k - 5 javelins (quivered)
Armour
 b - a +0 scale mail (worn)
 c - a +1 kite shield (worn)
Jewellery
 h - a ring of flight (right hand)
 s - a ring of stealth (left hand)
 x - an amulet of regeneration (around neck)
Scrolls
 i - a scroll of identify
 j - 3 scrolls of teleportation
 m - a scroll of enchant weapon
 o - 3 scrolls of remove curse
 p - a scroll of random uselessness {unknown}
 q - a scroll of fog {unknown}
 r - a scroll of immolation {unknown}
 t - a scroll of enchant armour
 u - 2 scrolls of blinking
Potions
 d - a potion of ambrosia
 f - a potion of lignification {unknown}
 g - a potion of brilliance {unknown}
 l - a potion of mutation
 v - a potion of curing {unknown}


   Skills:
 + Level 5.3 Fighting
 * Level 7.4 Long Blades
 + Level 5.3 Armour
 - Level 1.4 Dodging
 + Level 0.2 Stealth
 + Level 5.7 Shields


You had 6 spell levels left.
You didn't know any spells.
Your spell library contained the following spells:

 Spells                   Type           Power        Failure   Level
 Magic Dart               Conj           0%           95%         1
 Searing Ray              Conj           0%           99%         2
 Dazzling Flash           Conj/Hex       0%           100%        3
 Fulminant Prism          Conj/Hex       0%           100%        4
 Iskenderun's Mystic Bla  Conj/Tloc      0%           100%        4


Dungeon Overview and Level Annotations

Branches:
Dungeon (5/15)             Temple (0/1) D:5

Altars:
Ashenzari
Elyvilon
Makhleb
Nemelex Xobeh
Xom
Yredelemnul


Innate Abilities, Weirdness & Mutations

You reflexively headbutt those who attack you in melee.
You have a pair of horns on your head.
Your mind is acute. (Int +2)
You are strong-willed. (Will+)
Your movements are slightly less encumbered by armour. (ER -2)


Message History

You slash the water moccasin!
The water moccasin is moderately wounded.
The water moccasin bites you but does no damage.
The water moccasin bites you.
* * * LOW HITPOINT WARNING * * *
The orc priest calls down the wrath of Beogh upon you.
Beogh smites you!
* * * LOW HITPOINT WARNING * * *
You bump into the rock wall.
The orc wizard miscasts a cantrip.
The water moccasin bites you.
* * * LOW HITPOINT WARNING * * *
You bump into the crystal wall.
You feel sick.
The orc wizard hits you but does no damage.
The water moccasin bites you.
* * * LOW HITPOINT WARNING * * *
The orc wizard casts a cantrip, but nothing happens.
The orc priest mumbles some strange prayers to Beogh against you.
Beogh smites you!
You die...

.# #....#.###########.####** .#
#....#.#.......))...)..,, .#
#......#..##...#)...###*, .###
#......#.#*#...#o...# ** ...##
##......#.###).##....#****
#...####..<....#......#*#.....,,,
##.............#..o..## *...#..,,
##........#....#oSo### *...#,.,,
....###...#.####@#### *#..#*,,,
.#.####.#.#.# #....#### *,,****,
.#.#......#.# #.......###*,,,,,,
.###......#.# #.........##*,,,,,
.###......#.# #..........##**,,,
.##......(#.# #.###.####..# ****
†.#.......#.# #.# #...##..## *
..........#.# #.# #....#...# **
....#######.# #.#*#....#...# **,


You could see a water moccasin, an orc priest, an orc wizard (fast) and an orc.

Vanquished Creatures
  2 phantoms (D:4)
  An ogre (D:5)
  A bullfrog (D:5)
  A scorpion (D:5)
  A crimson imp (D:2)
  2 hounds (D:5)
  2 orc priests
  An iguana (D:5)
  2 worker ants (D:5)
  A worker ant zombie (D:5)
  4 gnolls (D:5)
  5 adders
  2 white imps (D:5)
  An ufetubus (D:5)
  An ooze (D:3)
  3 worms
  A dart slug (D:3)
  4 leopard geckos
  10 orcs
  2 giant cockroaches
  5 goblins
  10 hobgoblins
  7 jackals
  2 ball pythons
  5 bats
  8 frilled lizards
  9 kobolds
  4 rats
97 creatures vanquished.

Notes
Turn   | Place    | Note
-------+----------+-------------------------------------------
     0 | D:1      | mancramps the Minotaur Fighter began the quest for the Orb.
     0 | D:1      | Reached XP level 1. HP: 19/19 MP: 0/0
   420 | D:1      | Reached XP level 2. HP: 27/27 MP: 1/1
   582 | D:2      | Found a basalt altar of Yredelemnul.
   754 | D:2      | Found a burning altar of Makhleb.
   754 | D:2      | Noticed a crimson imp
   762 | D:2      | Killed a crimson imp
   763 | D:2      | Reached XP level 3. HP: 34/34 MP: 2/2
   767 | D:2      | Became a worshipper of Makhleb the Destroyer
   831 | D:2      | Reached XP level 4. HP: 39/41 MP: 3/3
   884 | D:2      | Reached skill level 3 in Long Blades
  1161 | D:2      | Found a white marble altar of Elyvilon.
  1335 | D:2      | Found a shimmering altar of Xom.
  1903 | D:3      | Reached skill level 4 in Long Blades
  1903 | D:3      | Reached XP level 5. HP: 25/47 MP: 4/4
  2112 | D:3      | Reached * piety under Makhleb
  2118 | D:3      | Reached skill level 1 in Dodging
  2719 | D:4      | Found a sparkling altar of Nemelex Xobeh.
  3177 | D:4      | Noticed a phantom
  3197 | D:4      | Killed a phantom
  3198 | D:4      | Reached skill level 5 in Long Blades
  3198 | D:4      | Reached skill level 5 in Shields
  3198 | D:4      | Reached XP level 6. HP: 42/55 MP: 5/5
  3271 | D:4      | Reached skill level 5 in Fighting
  3462 | D:5      | Entered Level 5 of the Dungeon
  3478 | D:5      | Reached skill level 5 in Armour
  3601 | D:5      | Reached skill level 6 in Long Blades
  3601 | D:5      | Reached XP level 7. HP: 56/61 MP: 6/6
  3629 | D:5      | Found a broken altar of Ashenzari.
  3710 | D:5      | Reached ** piety under Makhleb
  3711 | D:5      | Reached skill level 7 in Long Blades
  3791 | D:5      | Gained mutation: Your mind is acute. (Int +2) [potion of
                  | mutation]
  3791 | D:5      | Gained mutation: Your movements are slightly less
                  | encumbered by armour. (ER -2) [potion of mutation]
  3791 | D:5      | Gained mutation: You are strong-willed. (Will+) [potion of
                  | mutation]
  3796 | D:5      | Killed from afar by an orc priest

Illustrated notes

Levels and vault maps discovered:
D:1:      grunt_arrival_crossed_arrows, layout_rooms
D:2:      minmay_evil_eye, layout_basic, makhleb_grotto_becter,
          old_standard_altar, old_standard_altar, lemuel_coloured_pillars_altar,
          serial_corexii_hall, corexii_hall_statues_x, corexii_hall_statues_l,
          corexii_hall_statues_u, eino_tiny_chamber, st_stairs_13
D:3:      layout_basic
D:4:      layout_loops_ring, nemelex_spade_bored_becter
D:5:      minmay_recursive_quarters, layout_layer_cave, general_overflow_altar,
          gammafunk_temple_overflow_wave, minmay_temple_entry_antechambers,
          serial_co_window_serial, co_window_of_opportunity_a,
          co_window_corner_a, co_window_corner_a, co_window_paths_b,
          co_window_paths_a, co_window_2corner, co_window_of_opportunity_b,
          co_window_of_opportunity_b, co_window_corner_ca, glass_columns_a,
          serial_park_tiny_2

Skill      XL: |  1  2  3  4  5  6  7 |
---------------+----------------------+-----
Fighting       | 4 5 |  5.3
Armour         | 4 5 |  5.3
Shields        | 4 5 |  5.7
Long Blades    | 4 5 6 7 |  7.4
Dodging        | 1 |  1.4
Stealth        | |  0.2

Action                   |  1- 3 |  4- 6 |  7- 9 || total
-------------------------+-------+-------+-------++-------
Melee: Long sword        |    53 |   180 |    44 ||   277
       Headbutt          |     4 |    34 |    11 ||    49
  Use: Scroll            |     2 |     7 |       ||     9
       Potion            |       |     1 |     2 ||     3
Armor: Scale mail        |    22 |    64 |     9 ||    95
Dodge: Dodged            |    20 |    54 |    25 ||    99
Block: Kite shield       |    24 |   106 |    31 ||   161
       Rpst.: Long sword |     7 |    15 |     7 ||    29
